 Dungeon Crawl Stone Soup version 0.24-a0-521-g122614bf49 (webtiles) character file.

Game seed: 12628169427520007726

59787 Peloso the Peltast (level 14, -14/129 HPs)
             Began as a Minotaur Fighter on July 29, 2019.
             Was the Champion of Okawaru.
             Demolished by an ettin
             ... wielding a +0 dire flail
              (31 damage)
             ... on level 14 of the Dungeon.
             The game lasted 01:01:51 (21000 turns).

Peloso the Peltast (Minotaur Fighter)              Turns: 21000, Time: 01:01:52

Health: -14/129    AC: 24    Str: 26    XL:     14   Next: 54%
Magic:  23/23      EV: 10    Int: 17    God:    Okawaru [******]
Gold:   1183       SH: 15    Dex: 14    Spells: 13/13 levels left

rFire    + . .     SeeInvis .   a - +4 scimitar (flame)
rCold    . . .     Gourm    +   c - +0 shield
rNeg     . . .     Faith    .   l - +0 plate armour
rPois    .         Spirit   .   A - +0 hat {Int+3}
rElec    +         Reflect  .   d - +1 cloak of Jaoneic {+Inv rElec MP+9 Str-2}
rCorr    .         Harm     .   e - +0 pair of gloves
MR       +....                  W - +2 pair of boots {run}
Stlth    ..........             O - amulet "Bapauf" {Gourm *Slow rElec Str+3 Int+9}
HPRegen  0.31/turn              R - ring of Balance {Dex+3 Slay+1}
MPRegen  0.18/turn              D - ring of protection from fire

@: quick
A: retaliatory headbutt, horns 2
a: Heroism, Finesse, Renounce Religion, Evoke Invisibility


You were on level 14 of the Dungeon.
You worshipped Okawaru.
Okawaru was exalted by your worship.
You were not hungry.

You visited 3 branches of the dungeon, and saw 20 of its levels.
You also visited: Ossuary and Gauntlet.

You collected 1435 gold pieces.
You spent 252 gold pieces at shops.

Inventory:

Hand Weapons
 a - a +4 scimitar of flaming (weapon)
 b - a +2 falchion of slicing
 C - the +2 hand crossbow "Nip Leuf" {elec, MR+ Int+4 Dex+4}
   (You found it on level 4 of the Dungeon)

   It charges the ammunition it shoots with electricity; occasionally upon a
   hit, such missiles may discharge and cause terrible harm.
   It affects your intelligence (+4).
   It affects your dexterity (+4).
   It affects your resistance to hostile enchantments.
Missiles
 L - 120 bolts
Armour
 c - a +0 shield (worn)
 d - the +1 cloak of Jaoneic (worn) {+Inv rElec MP+9 Str-2}
   (Okawaru gifted it to you on level 11 of the Dungeon)

   It affects your strength (-2).
   It insulates you from electricity.
   It affects your magic capacity (+9).
   It lets you turn invisible.
 e - a +0 pair of gloves (worn)
 l - a +0 plate armour (worn)
 p - a +2 scale mail of cold resistance
 A - a +0 hat of intelligence (worn)
 F - a +2 cloak
 W - a +2 pair of boots of running (worn)
Jewellery
 h - an uncursed amulet of magic regeneration {unknown}
 m - a +2 ring of evasion {unknown}
 n - a +4 ring of protection
 B - an uncursed ring of see invisible
 D - a ring of protection from fire (right hand)
 E - an uncursed ring of flight
 G - an uncursed ring of poison resistance
 H - an uncursed amulet of the acrobat
 O - the amulet "Bapauf" (around neck) {Gourm *Slow rElec Str+3 Int+9}
   (You found it in a Gauntlet)

   [amulet of the gourmand]

   It allows you to eat raw meat even when not hungry.
   It affects your strength (+3).
   It affects your intelligence (+9).
   It insulates you from electricity.
   It may slow you when you take damage.
 R - the ring of Balance (left hand) {Dex+3 Slay+1}
   (You took it off a minotaur in a Gauntlet)

   [ring of slaying]

   It affects your dexterity (+3).
   It affects your accuracy and damage with ranged weapons and melee attacks
   (+1).
Wands
 v - a wand of flame (19)
 z - a wand of random effects (21)
Scrolls
 g - 4 scrolls of fear
 i - 2 scrolls of enchant armour
 j - a scroll of enchant weapon
 s - 3 scrolls of noise
 u - 5 scrolls of magic mapping
 x - 2 scrolls of fog
 y - 14 scrolls of remove curse
 J - a scroll of identify
 X - 2 scrolls of teleportation
Potions
 k - 8 potions of curing
 o - 6 potions of haste
 q - 2 potions of agility
 r - 3 potions of flight
 t - a potion of might
 w - 3 potions of berserk rage
 M - 3 potions of heal wounds
 P - 3 potions of mutation {unknown}
Miscellaneous
 I - a phial of floods
Comestibles
 f - 27 rations


   Skills:
 + Level 13.2 Fighting
 + Level 15.5 Long Blades
 + Level 6.3 Crossbows
 + Level 13.7 Armour
 + Level 4.4 Dodging
 + Level 1.1 Stealth
 + Level 15.7 Shields
 + Level 2.3 Invocations
 + Level 1.5 Evocations


You had 13 spell levels left.
You didn't know any spells.
Your spell library contained the following spells:

 Spells                   Type           Power        Failure   Level  Hunger
 Animate Skeleton         Necr           N/A          86%         1    ##.....
 Apportation              Tloc           #.....       86%         1    ##.....
 Confusing Touch          Hex            #.....       86%         1    ##.....
 Corona                   Hex            #......      86%         1    ##.....
 Flame Tongue             Conj/Fire      #....        86%         1    ##.....
 Freeze                   Ice            #...         86%         1    ##.....
 Shock                    Conj/Air       #...         86%         1    ##.....
 Sting                    Conj/Pois      #...         86%         1    ##.....
 Summon Small Mammal      Summ           #...         86%         1    ##.....
 Blink                    Tloc           N/A          95%         2    ###....
 Poisonous Vapours        Pois/Air       #.....       95%         2    ###....
 Shroud of Golubria       Chrm/Tloc      #.....       95%         2    ###....
 Slow                     Hex            #.......     95%         2    ###....
 Sublimation of Blood     Necr           #.........   95%         2    ###....
 Swiftness                Chrm/Air       #.......     95%         2    ###....
 Throw Flame              Conj/Fire      #.....       95%         2    ###....
 Throw Frost              Conj/Ice       #.....       95%         2    ###....
 Confuse                  Hex            #.......     99%         3    ####...
 Conjure Flame            Conj/Fire      #.......     99%         3    ####...
 Gell's Gravitas          Tloc           #.........   99%         3    ####...
 Inner Flame              Hex/Fire       #.......     99%         3    ####...
 Lesser Beckoning         Tloc           #.........   99%         3    ####...
 Mephitic Cloud           Conj/Pois/Air  #.......     99%         3    ####...
 Ozocubu's Armour         Chrm/Ice       #.......     99%         3    ####...
 Portal Projectile        Hex/Tloc       #.....       99%         3    ####...
 Static Discharge         Conj/Air       #.......     99%         3    ####...
 Teleport Other           Tloc           #.......     99%         3    ####...
 Airstrike                Air            #.........   100%        4    #####..
 Cause Fear               Hex            #.........   100%        4    #####..
 Leda's Liquefaction      Hex/Erth       #.........   100%        4    #####..
 Olgreb's Toxic Radiance  Pois           #.......     100%        4    #####..
 Passage of Golubria      Tloc           N/A          100%        4    #####..
 Petrify                  Tmut/Erth      #.......     100%        4    #####..
 Sticky Flame             Conj/Fire      #.......     100%        4    #####..
 Summon Ice Beast         Ice/Summ       #.......     100%        4    #####..
 Summon Lightning Spire   Summ/Air       #.......     100%        4    #####..
 Throw Icicle             Conj/Ice       #.......     100%        4    #####..
 Fireball                 Conj/Fire      #.........   100%        5    ######.
 Lightning Bolt           Conj/Air       #.........   100%        5    ######.
 Metabolic Englaciation   Hex/Ice        #.........   100%        5    ######.
 Silence                  Hex/Air        #.........   100%        5    ######.
 Venom Bolt               Conj/Pois      #.........   100%        5    ######.
 Yara's Violent Unravell  Hex/Tmut       #.........   100%        5    ######.
 Bolt of Fire             Conj/Fire      #.........   100%        6    #######
 Conjure Ball Lightning   Conj/Air       #.........   100%        6    #######
 Deflect Missiles         Chrm/Air       #.........   100%        6    #######
 Iron Shot                Conj/Erth      #.........   100%        6    #######
 Dragon Form              Tmut           #.........   100%        7    #######
 Dragon's Call            Summ           #.........   100%        9    #######
 Tornado                  Air            #.........   100%        9    #######


Dungeon Overview and Level Annotations

Branches:
Dungeon (14/15)            Temple (1/1) D:6            Lair (5/6) D:9
  Swamp (0/4) Lair:2        Snake (0/4) Lair:4        Slime (0/5) Lair:5
    Orc (0/2) D:11
 Vaults: D:13-14

Altars:
Ashenzari
Cheibriados
Dithmenos
Elyvilon
Fedhas
Hepliaklqana
Kikubaaqudgha
Makhleb
Nemelex Xobeh
Okawaru
Qazlal
Ru
Sif Muna
Uskayaw
Vehumet
Wu Jian
Xom
Yredelemnul
Zin
The Shining One
Jiyva

Shops:
D:5 }   D:6 ?=

Annotations:
Lair:2 3 runed translucent doors


Innate Abilities, Weirdness & Mutations

You reflexively headbutt those who attack you in melee.
You have a pair of horns on your head.


Message History

You slice the ettin!! You burn the ettin.
The ettin is heavily wounded.
The ettin hits you with a +0 dire flail.
The ettin hits you with a cursed -2 dire flail!!
* * * LOW HITPOINT WARNING * * *
You hit the ettin but do no damage.
The ettin is heavily wounded.
You hit the ettin but do no damage. You headbutt the ettin!
The ettin is heavily wounded.
You block the ettin's attack.
The ettin hits you with a cursed -2 dire flail.
* * * LOW HITPOINT WARNING * * *
You slice the ettin!! You burn the ettin. You headbutt the ettin.
The ettin is almost dead.
You block the wyvern zombie's attack.
You feel much better.
The ettin hits you with a +0 dire flail!!!
* * * LOW HITPOINT WARNING * * *
The ettin hits you with a cursed -2 dire flail!!
You die...

#.............
#.............
########...##.
#...###
#....'.
#....#.
#....#. #.
########
#....#.
#..#@.)...#
#....#.
#..#ZC....#
#....#.
#..#)####.#
####### #..#.#
#....# #....#
#....# #..#†#
#..#)###### #


You could see an ettin and a wyvern zombie.

Vanquished Creatures
  Gastronok (Lair:2)
  A fire giant (D:11)
  Azrael (D:13)
  A minotaur (Gauntlet)
  Harold (Lair:2)
  8 hydras
  2 ice dragons
  2 centaur warriors (D:14)
  6 two-headed ogres
  A death yak (Lair:5)
  2 ogre magi
  A tengu warrior (D:11)
  Sonja (D:13)
  A fire crab (Gauntlet)
  2 deep trolls (D:14)
  4 unseen horrors
  An orc knight (D:14)
  A wolf spider zombie (D:13)
  3 deep elf magi
  7 ugly things
  A manticore (D:11)
  2 centaur zombies (D:10)
  2 black mambas
  A gargoyle (D:13)
  A torpor snail (Lair:5)
  3 spiny frogs
  3 centaur skeletons
  A rime drake (Lair:5)
  5 komodo dragons
  A polar bear (shapeshifter) (D:14)
  A polar bear (Lair:2)
  3 meliai (Gauntlet)
  5 trolls
  3 blink frogs (Lair:5)
  8 hippogriffs
  5 slime creatures
  3 dream sheep
  5 flying skulls (Gauntlet)
  2 vampires
  2 spriggans
  A tarantella (shapeshifter) (D:11)
  A shadow (D:11)
  2 wyverns
  31 yaks
  A basilisk (Lair:5)
  2 fire elementals (D:13)
  A hungry ghost (D:10)
  3 fire bats (Gauntlet)
  A golden eye (shapeshifter) (D:14)
  2 vampire mosquitoes
  3 acid dragons
  2 hell hounds (D:13)
  8 water moccasins
  6 porcupines
  5 black bears
  3 ice beasts
  A hornet zombie (D:10)
  10 orc warriors
  7 sky beasts
  An eye of draining (D:11)
  6 ogres
  7 wolves
  6 centaurs
  8 crocodiles
  6 big kobolds
  21 bullfrogs
  A water moccasin zombie (D:10)
  A water moccasin skeleton (D:7)
  2 wyvern skeletons
  4 scorpions
  21 killer bees
  11 wights
  3 howler monkeys
  A vampire bat (Lair:3)
  9 crimson imps
  2 quasits (D:6)
  5 bullfrog zombies
  8 hounds
  5 jellies
  9 orc priests
  2 bullfrog skeletons (D:11)
  22 orc wizards
  3 iguanas
  5 worker ants
  A hound skeleton (D:6)
  A hound zombie (D:11)
  2 worker ant zombies
  8 mummies (Ossuary)
  4 gnolls
  A howler monkey skeleton (D:11)
  16 adders
  A shadow imp (D:11)
  5 worms (D:2)
  5 leopard geckos
  40 orcs
  2 ball pythons
  6 giant cockroaches
  7 goblins
  6 hobgoblins
  9 jackals
  3 quokkas
  A ball python skeleton (D:4)
  8 bats
  4 frilled lizards
  2 gnoll zombies (Ossuary)
  2 hobgoblin zombies (Ossuary)
  16 kobolds
  2 kobold zombies (Ossuary)
  A leopard gecko skeleton (D:6)
  2 orc zombies (Ossuary)
  13 rats
  A fungus (Lair:1)
  A plant (Lair:1)
533 creatures vanquished.

Vanquished Creatures (others)
  An orc wizard (D:14)
  20 demonic plants (Gauntlet)
  3 fungi
  A plant (Lair:4)
25 creatures vanquished.

Grand Total: 558 creatures vanquished

Notes
Turn   | Place    | Note
-------+----------+-------------------------------------------
     0 | D:1      | Peloso the Minotaur Fighter began the quest for the Orb.
     0 | D:1      | Reached XP level 1. HP: 19/19 MP: 0/0
   166 | D:1      | Reached XP level 2. HP: 26/27 MP: 1/1
  1100 | D:2      | Reached XP level 3. HP: 29/33 MP: 2/2
  1296 | D:2      | Found a shattered altar of Ashenzari.
  1313 | D:2      | Reached XP level 4. HP: 13/40 MP: 3/3
  1862 | D:2      | Found a blossoming altar of Fedhas.
  2000 | D:2      | Reached XP level 5. HP: 22/46 MP: 4/4
  2180 | D:3      | Found a sparkling altar of Nemelex Xobeh.
  3041 | D:4      | Reached skill level 1 in Dodging
  3053 | D:4      | Reached skill level 5 in Armour
  3053 | D:4      | Reached skill level 5 in Shields
  3053 | D:4      | Reached XP level 6. HP: 45/53 MP: 5/5
  3063 | D:4      | Reached skill level 5 in Long Blades
  3242 | D:4      | Got a jewelled hand crossbow
  3243 | D:4      | Identified the +2 hand crossbow "Nip Leuf" {elec, MR+ Int+4
                  | Dex+4} (You found it on level 4 of the Dungeon)
  3426 | D:4      | Found a glowing golden altar of the Shining One.
  3486 | D:5      | Entered Level 5 of the Dungeon
  3523 | D:5      | Found Benufoof's Gadget Shop.
  3594 | D:5      | Reached XP level 7. HP: 55/60 MP: 6/6
  3597 | D:5      | Found a burning altar of Makhleb.
  3626 | D:5      | Reached skill level 5 in Fighting
  3897 | D:5      | Noticed a blizzard demon
  3901 | D:5      | Noticed a hellwing
  3901 | D:5      | Noticed a neqoxec
  4083 | D:6      | Got a pair of fine boots
  4094 | D:6      | Identified the +2 pair of boots of Least Resistance {MP+9}
                  | (You found it on level 6 of the Dungeon)
  4225 | D:6      | Reached XP level 8. HP: 59/68 MP: 7/7
  4292 | D:6      | Found Kumed's Jewellery Boutique.
  4468 | D:6      | Found a staircase to the Ecumenical Temple.
  4594 | Temple   | Entered the Ecumenical Temple
  4699 | Temple   | Became a worshipper of Warmaster Okawaru
  4741 | D:6      | Found Zuthoc's Magic Scroll Boutique.
  4751 | D:6      | Bought a scroll of magic mapping for 38 gold pieces
  4751 | D:6      | Bought a scroll of teleportation for 33 gold pieces
  4751 | D:6      | Bought a scroll of enchant weapon for 82 gold pieces
  4751 | D:6      | Bought a scroll of remove curse for 33 gold pieces
  4751 | D:6      | Bought a scroll of identify for 22 gold pieces
  4751 | D:6      | Bought a scroll of identify for 22 gold pieces
  4751 | D:6      | Bought a scroll of identify for 22 gold pieces
  4958 | D:6      | Found a radiant altar of Vehumet.
  5050 | D:6      | Found a shattered altar of Ashenzari.
  5894 | D:7      | Found a hide-covered altar of Uskayaw.
  5894 | D:7      | Found a deep blue altar of Sif Muna.
  5999 | D:7      | Reached * piety under Okawaru
  6224 | D:7      | Found a stormy altar of Qazlal.
  6276 | D:7      | Found a glowing silver altar of Zin.
  6333 | D:7      | Found a snail-covered altar of Cheibriados.
  6468 | D:7      | Reached XP level 9. HP: 75/75 MP: 8/8
  6598 | D:8      | Found a hazy altar of Hepliaklqana.
  6598 | D:8      | Noticed a two-headed ogre
  6608 | D:8      | Killed a two-headed ogre
  6620 | D:8      | Got a slimy leather armour
  6676 | D:8      | Reached ** piety under Okawaru
  6678 | D:8      | Found a sand-covered staircase.
  6694 | Ossuary  | Entered an ossuary
  6985 | D:8      | Reached skill level 10 in Long Blades
  7078 | D:8      | Reached skill level 1 in Crossbows
  7280 | D:8      | Found a deep blue altar of Sif Muna.
  7589 | D:8      | Reached *** piety under Okawaru
  7693 | D:8      | Identified the +3 leather armour "Qogibb" {Slay+2} (You
                  | found it on level 8 of the Dungeon)
  7764 | D:9      | Reached XP level 10. HP: 77/86 MP: 9/9
  7819 | D:9      | Found a shadowy altar of Dithmenos.
  7882 | D:9      | Found a staircase to the Lair.
  8148 | D:9      | Found a basalt altar of Yredelemnul.
  8418 | D:10     | Entered Level 10 of the Dungeon
  8461 | D:10     | Reached **** piety under Okawaru
  8794 | D:10     | Received a gift from Okawaru
  8879 | D:10     | Killed an unseen horror
  8879 | D:10     | Reached skill level 1 in Stealth
  8879 | D:10     | Reached skill level 10 in Shields
  9209 | D:10     | Reached ***** piety under Okawaru
  9532 | D:10     | Noticed a three-headed hydra
  9551 | D:10     | Killed a seven-headed hydra
  9551 | D:10     | Reached XP level 11. HP: 80/94 MP: 10/10
  9660 | D:10     | Noticed a two-headed ogre
  9671 | D:10     | Killed a two-headed ogre
  9671 | D:10     | Received a gift from Okawaru
 10261 | D:11     | Noticed a two-headed ogre
 10276 | D:11     | Killed a two-headed ogre
 10276 | D:11     | Reached skill level 10 in Armour
 10506 | D:11     | Noticed a tengu warrior
 10506 | D:11     | Noticed a fire giant
 10528 | D:11     | Killed a tengu warrior
 10552 | D:11     | Noticed an ogre mage
 10566 | D:11     | Killed a fire giant
 10582 | D:11     | Killed an ogre mage
 10582 | D:11     | Reached ****** piety under Okawaru
 10582 | D:11     | Received a gift from Okawaru
 10605 | D:11     | Got a transparent cloak {god gift}
 10613 | D:11     | Identified the +1 cloak of Jaoneic {+Inv rElec MP+9 Str-2}
                  | (Okawaru gifted it to you on level 11 of the Dungeon)
 11077 | D:11     | Found a staircase to the Orcish Mines.
 11231 | D:11     | Noticed a two-headed ogre
 11236 | D:11     | Killed a two-headed ogre
 11236 | D:11     | Reached XP level 12. HP: 105/105 MP: 11/11
 11421 | D:11     | Noticed a two-headed ogre
 11432 | D:11     | Killed a two-headed ogre
 11559 | D:11     | Reached skill level 1 in Evocations
 11587 | D:11     | Noticed an ice dragon
 13042 | D:13     | Noticed Sonja
 13052 | D:13     | Reached skill level 10 in Fighting
 13052 | D:13     | Reached skill level 5 in Crossbows
 13057 | D:13     | Killed Sonja
 13147 | D:13     | Received a gift from Okawaru
 13552 | D:13     | Noticed a four-headed hydra
 13565 | D:13     | Killed a six-headed hydra
 13565 | D:13     | Reached skill level 1 in Invocations
 13654 | D:13     | Received a gift from Okawaru
 13692 | D:13     | Noticed Azrael
 13734 | D:13     | Killed Azrael
 14249 | D:11     | Killed an ice dragon
 14850 | D:11     | Identified the Tome of Damaging Stolen Souls
 15196 | Lair:1   | Entered Level 1 of the Lair of Beasts
 15214 | Lair:1   | Reached XP level 13. HP: 110/114 MP: 12/12
 16121 | Lair:2   | Found a runed translucent gate.
 16122 | Lair:2   | Found a runed translucent gate.
 16123 | Lair:2   | Found a runed translucent gate.
 16135 | Lair:2   | Noticed Harold
 16155 | Lair:2   | Killed Harold
 16333 | Lair:2   | Found a staircase to the Swamp.
 16421 | Lair:2   | Noticed Gastronok
 16433 | Lair:2   | Killed Gastronok
 16627 | Lair:3   | Received a gift from Okawaru
 17473 | Lair:4   | Identified a scroll of acquirement
 17565 | Lair:4   | Found a gate leading to a gauntlet.
 17573 | Gauntlet | Entered a Gauntlet
 17573 | Gauntlet | Found a transporter.
 17584 | Gauntlet | Found a transporter.
 17599 | Gauntlet | Found a transporter.
 17604 | Gauntlet | Found a transporter.
 17619 | Gauntlet | Found a transporter.
 17638 | Gauntlet | Found a transporter.
 17650 | Gauntlet | Found a transporter.
 17662 | Gauntlet | Found a transporter.
 17674 | Gauntlet | Found a transporter.
 17680 | Gauntlet | Found a transporter.
 17680 | Gauntlet | Found a transporter.
 17695 | Gauntlet | Found a transporter.
 17714 | Gauntlet | Found a transporter.
 17731 | Gauntlet | Found a transporter.
 17756 | Gauntlet | Found a transporter.
 17758 | Gauntlet | Found a transporter.
 17778 | Gauntlet | Found a transporter.
 17802 | Gauntlet | Noticed a death ooze
 17856 | Gauntlet | Found a transporter.
 18192 | Gauntlet | Got a vibrating crystal amulet
 18194 | Gauntlet | Identified the amulet "Bapauf" {Gourm *Slow rElec Str+3
                  | Int+9} (You found it in a Gauntlet)
 18254 | Gauntlet | Identified the ring of Balance {Dex+3 Slay+1}
 18254 | Gauntlet | Noticed a minotaur
 18264 | Gauntlet | Killed a minotaur
 18293 | Gauntlet | Identified a +2 pair of boots of running (You found it in a
                  | Gauntlet)
 18454 | Lair:4   | Received a gift from Okawaru
 18469 | Lair:4   | Got a pair of jewelled boots {god gift}
 18481 | Lair:4   | Identified the +0 pair of boots "Pammipan" {Dex+7} (Okawaru
                  | gifted it to you on level 4 of the Lair of Beasts)
 18983 | Lair:4   | Found a staircase to the Snake Pit.
 19315 | Lair:5   | Reached XP level 14. HP: 100/127 MP: 14/14
 19393 | Lair:5   | Reached skill level 15 in Shields
 19577 | Lair:5   | Found a staircase to the Slime Pits.
 19577 | Lair:5   | Found a viscous altar of Jiyva.
 20236 | D:14     | Reached skill level 15 in Long Blades
 20445 | D:14     | Received a gift from Okawaru
 20959 | D:14     | Received a gift from Okawaru
 21000 | D:14     | Demolished by an ettin

Levels and vault maps discovered:
D:1:      scummos_arrival_hexagon, layout_basic
D:2:      layout_loops_ring, fedhas_altar_2, evilmike_ruin_ashenzari
D:3:      kennysheep_big_flooded_room, layout_loops_corners, first_ration,
          nemelex_lonely_heart_becter
D:4:      layout_rooms, tso_oasis_becter
D:5:      layout_cave_pools, makhleb_altar_promises_db, serial_shops,
          nicolae_shop_waterfront
D:6:      layout_basic, marbit_many_paths, nicolae_overflow_hidden_temple,
          minmay_temple_entry_stoned_glass, serial_shops, kennysheep_mini_moat,
          nicolae_shop_crystal, minmay_small_thing
D:7:      minmay_recursive_quarters, layout_cave_pools, zin_scriptorium,
          lemuel_crystal_altar, nicolae_overflow_crystal_walls,
          chequers_temple_overflow_statue_of_worship,
          hangedman_abyss_or_decor_passed
D:8:      kennysheep_orc_sif_temple, layout_basic, overflow_temple_1_default,
          nicolae_ossuary_entry_ruins
D:9:      layout_basic, nicolae_dithmenos_the_darkroom, lemuel_doored_altar,
          lair_entry_dummy
D:10:     layout_stronghold, hangedman_ranch [blue_anna_fruit_fields],
          st_stairs_13
D:11:     minmay_the_grid_3x2 [minmay_the_grid_tree, minmay_the_grid_paths,
          minmay_the_grid_broken_lines, minmay_the_grid_large_cup,
          minmay_the_grid_fan, minmay_the_grid_prize_shrinking_boxes],
          layout_loops_cross, chequers_garden, corexii_corridor_pit,
          nicolae_benzene_ring, minivault_28
D:12:     layout_basic
D:13:     layout_roguey, uniq_sonja, uniq_azrael
D:14:     layout_stronghold, david_vaults_4, bh_chokoban, minmay_checkerbox
Temple:   nicolae_temple_figure_zero
Lair:1:   layout_roguey, infiniplex_staircase_pool
Lair:2:   layout_roguey, minmay_swamp_entry_reptiles, gammafunk_ghost_icy,
          grunt_forest_stairs_clearing, uniq_gastronok, uniq_harold
Lair:3:   layout_regular_city, chequers_serial_rivers_room_b,
          chequers_serial_rivers_small_a, roderic_batcave
Lair:4:   layout_loops_ring, dummy_snake_entry, gauntlet_entry_generic
Lair:5:   layout_hall_layers, slime_altar_1, grunt_forest_large_clearing_hut

Skill      XL: |  1  2  3  4  5  6  7  8  9 10 11 12 13 14 |
---------------+-------------------------------------------+-----
Fighting       | 4 5 6 7 8 9 10 12 13 | 13.2
Shields        | 4 5 6 7 8 10 12 13 14 15 | 15.7
Armour         | 4 5 6 7 8 9 10 11 13 | 13.7
Long Blades    | 3 4 5 6 8 11 12 13 14 15 | 15.5
Dodging        | 1 2 3 4 |  4.4
Crossbows      | 1 2 3 6 |  6.3
Stealth        | 1 |  1.1
Evocations     | 1 |  1.5
Invocations    | 1 2 |  2.3

Action                   |  1- 3 |  4- 6 |  7- 9 | 10-12 | 13-15 || total
-------------------------+-------+-------+-------+-------+-------++-------
Melee: Long sword        |    89 |   162 |   411 |   748 |       ||  1410
       Headbutt          |    14 |    25 |    96 |   187 |   151 ||   473
       Scimitar          |       |       |       |    54 |   515 ||   569
 Fire: Hand crossbow     |       |       |     9 |    91 |     9 ||   109
Invok: Heroism           |       |       |     1 |     9 |     5 ||    15
       Finesse           |       |       |       |       |     2 ||     2
 Abil: Evoke Berserk Rag |       |       |       |     3 |       ||     3
  Use: Scroll            |       |       |    15 |     5 |     9 ||    29
       Potion            |       |       |     1 |     3 |     2 ||     6
  Eat: Chunk             |     1 |     7 |    14 |    16 |    12 ||    50
       Ration            |       |       |       |     4 |     2 ||     6
Armor: Scale mail        |    40 |    90 |   108 |       |       ||   238
       Plate armour      |       |       |   122 |   448 |   251 ||   821
       Chain mail        |       |       |     6 |       |       ||     6
Dodge: Dodged            |    14 |    52 |    95 |   175 |   172 ||   508
Block: Shield            |    54 |    84 |   207 |   503 |   385 ||  1233
       Rpst.: Long sword |     4 |    18 |    23 |    39 |       ||    84
       Scimitar          |       |       |       |     1 |    40 ||    41

Table legend:
 A = Non-vault XP
 B = Vault XP
 C = Vault XP percentage of total XP
 D = Non-vault monster count
 E = Vault monster count
 F = Vault count percentage of total count
                 A         B        C        D         E       F
            +---------+---------+-------+---------+---------+-------
      Total |   56300 |   29111 |  34.1 |     414 |     117 |  22.0
            +---------+---------+-------+---------+---------+-------
        D:1 |      35 |       0 |   0.0 |      15 |       0 |   0.0
        D:2 |     163 |       0 |   0.0 |      33 |       0 |   0.0
        D:3 |      54 |       3 |   5.3 |      11 |       2 |  15.4
        D:4 |     250 |       0 |   0.0 |      18 |       0 |   0.0
        D:5 |     495 |       0 |   0.0 |      13 |       0 |   0.0
        D:6 |    1039 |      63 |   5.7 |      28 |       4 |  12.5
        D:7 |     445 |     334 |  42.9 |      12 |       6 |  33.3
        D:8 |    2036 |     330 |  13.9 |      21 |       6 |  22.2
        D:9 |    1737 |       0 |   0.0 |      32 |       0 |   0.0
       D:10 |    4468 |    2562 |  36.4 |      26 |      10 |  27.8
       D:11 |    6213 |    7085 |  53.3 |      37 |      25 |  40.3
       D:12 |    1679 |       0 |   0.0 |      17 |       0 |   0.0
       D:13 |    6518 |    2791 |  30.0 |      37 |       6 |  14.0
       D:14 |   11536 |    4304 |  27.2 |      32 |       7 |  17.9
     Lair:1 |    4667 |       0 |   0.0 |      21 |       0 |   0.0
     Lair:2 |     991 |    5451 |  84.6 |       4 |      12 |  75.0
     Lair:3 |    4552 |      59 |   1.3 |      16 |       7 |  30.4
     Lair:4 |    4655 |       0 |   0.0 |      23 |       0 |   0.0
     Lair:5 |    4767 |    1350 |  22.1 |      18 |       3 |  14.3
    Ossuary |       0 |     147 | 100.0 |       0 |      16 | 100.0
   Gauntlet |       0 |    4632 | 100.0 |       0 |      13 | 100.0
            +---------+---------+-------+---------+---------+-------
